 Dungeon Crawl Stone Soup version 0.23.2-1-ga50397a6bc (webtiles) character file.

Game seed: 1424699680424473441

173 zilodarpe23 the Cudgeler (level 5, -7/53 HPs)
             Began as a Troll Berserker on Apr 23, 2019.
             Was a Believer of Trog.
             Mangled by a gnoll
             ... wielding a +0 halberd
              (14 damage)
             ... on level 3 of the Dungeon.
             The game lasted 00:10:45 (2027 turns).

zilodarpe23 the Cudgeler (Troll Berserker)          Turns: 2027, Time: 00:10:46

Health: -7/53      AC:  6    Str: 26    XL:     5   Next: 28%
Magic:  4/4        EV: 11    Int:  3    God:    Trog [**....]
Gold:   86         SH:  0    Dex:  9    Spells: 4/4 levels left

rFire    . . .     SeeInvis .   e - +2 whip (pain)
rCold    . . .     Gourm    +   (no shield)
rNeg     . . .     Faith    .   b - +0 animal skin
rPois    .         Spirit   .   (helmet restricted)
rElec    .         Reflect  .   (no cloak)
rCorr    .         Harm     .   (gloves unavailable)
MR       ++...                  (boots unavailable)
Stlth    +.........             (no amulet)
HPRegen  1.57/turn              (no ring)
MPRegen  0.09/turn              (no ring)

@: berserk cooldown, regenerating, slowed, very slow
A: large, unfitting armour, claws 3, fast metabolism 3, gourmand, regeneration
1, shaggy fur 1, tough skin 3
a: Berserk, Trog's Hand, Renounce Religion


You were on level 3 of the Dungeon.
You worshipped Trog.
Trog was pleased with you.
You were very full.

You visited 1 branch of the dungeon, and saw 3 of its levels.

You collected 86 gold pieces.

Inventory:

Hand Weapons
 a - a +0 mace
 e - a +2 whip of pain (weapon)
 q - a +2 short sword of electrocution
Armour
 b - a +0 animal skin (worn)
 j - a +1 leather armour of fire resistance
Wands
 r - a wand of clouds (8)
Scrolls
 d - 2 scrolls of fear {unknown}
 f - a scroll of fog {unknown}
 h - 3 scrolls of identify {unknown}
 k - 2 scrolls of remove curse {unknown}
 l - 2 scrolls of teleportation {unknown}
 m - a scroll of blinking {unknown}
Potions
 g - a potion of ambrosia {unknown}
 i - 2 potions of brilliance {unknown}
 n - a potion of degeneration {unknown}
 o - a potion of magic {unknown}
Comestibles
 c - 4 rations
 p - 11 chunks of flesh


   Skills:
 + Level 3.0 Fighting
 + Level 4.1 Maces & Flails
 + Level 3.4 Dodging
 + Level 0.2 Stealth


You had 4 spell levels left.
You didn't know any spells.
Your spell library was empty.

Dungeon Overview and Level Annotations

Branches:
Dungeon (3/15)

Altars:
Ru


Innate Abilities, Weirdness & Mutations

You are too large for most types of armour.
You have claws for hands.
Your metabolism is lightning-fast.
You like to eat raw meat.
Your natural rate of healing is unusually fast.
You are covered in fur. (AC +1)
You have extremely tough skin. (AC +3)


Message History

You feel yourself slow down.
The gnoll hits you from afar with a +0 spear!
* * * LOW HITPOINT WARNING * * *
The gnoll hits you but does no damage.
You hit the worm.
The worm is lightly wounded.
The gnoll hits you from afar with a +0 spear!
* * * LOW HITPOINT WARNING * * *
The gnoll completely misses you. The gnoll barely misses you.
The worm bites you but does no damage.
Your skin crawls.
You feel resistant to hostile enchantments.
You feel somewhat less full. The gnoll misses you.
The gnoll closely misses you. The gnoll barely misses you.
The gnoll hits you but does no damage. The gnoll closely misses you.
The worm bites you.
* * * LOW HITPOINT WARNING * * *
You hit the worm but do no damage.
The gnoll hits you from afar with a +0 halberd!
You die...

#..#######
#†>............
##)######.....#
#######'##### .....#
#...........# .....#
#...........# .....#
#...........# .....#
#######'...###g....#
#'...'@wg....+
##...###g....# #####
.....# .....# .....#
######


You could see a worm and 3 gnolls.

Vanquished Creatures
  A phantom (D:2)
  An adder (D:2)
  A gnoll (D:3)
  An ooze (D:3)
  A leopard gecko (D:1)
  3 orcs (D:3)
  A ball python (D:1)
  7 goblins
  5 hobgoblins
  8 jackals
  6 kobolds
  A quokka (D:2)
  13 bats
  5 frilled lizards
  8 rats
62 creatures vanquished.

Notes
Turn   | Place    | Note
-------+----------+-------------------------------------------
     0 | D:1      | zilodarpe23 the Troll Berserker began the quest for the
                  | Orb.
     0 | D:1      | Reached XP level 1. HP: 22/22 MP: 0/0
   121 | D:1      | Reached XP level 2. HP: 29/29 MP: 1/1
   167 | D:1      | Reached skill level 3 in Maces & Flails
   478 | D:1      | Reached XP level 3. HP: 36/36 MP: 2/2
   531 | D:1      | Reached ** piety under Trog
  1280 | D:2      | Noticed a phantom
  1629 | D:2      | Found a sacrificial altar of Ru.
  1697 | D:2      | Killed a phantom
  1697 | D:2      | Reached skill level 4 in Maces & Flails
  1697 | D:2      | Reached XP level 4. HP: 45/45 MP: 3/3
  1697 | D:2      | Reached XP level 5. HP: 53/53 MP: 4/4
  2027 | D:3      | Mangled by a gnoll

Skill      XL: |  1  2  3 |
---------------+----------+-----
Maces & Flails | 3 4 |  4.1
Dodging        | 3 |  3.4
Fighting       | 3 |  3.0
Stealth        | |  0.2

Action                   |  1- 3 |  4- 6 || total
-------------------------+-------+-------++-------
Melee: Whip              |   144 |    51 ||   195
       Mace              |     5 |       ||     5
Invok: Berserk           |     1 |     1 ||     2
       Trog's Hand       |       |     1 ||     1
  Eat: Chunk             |    17 |     8 ||    25
Armor: Animal skin       |   114 |    18 ||   132
Dodge: Dodged            |   107 |    40 ||   147
